 Dungeon Crawl Stone Soup version 0.27.1-3-gb3d3a73c9e (webtiles) character file.

Game seed: 4965877757875429686

2884 CuBeRJAN3 the Skirmisher (level 9, 0/56 HPs)
             Began as a Gargoyle Fire Elementalist on Oct 8, 2021.
             Was an Initiate of Vehumet.
             Slain by a wyvern (12 damage)
             ... on level 8 of the Dungeon.
             The game lasted 00:38:44 (9923 turns).

CuBeRJAN3 the Skirmisher (GrFE)                     Turns: 9923, Time: 00:38:45

Health: 0/56       AC: 11    Str: 19    XL:     9   Next: 77%
Magic:  2/18       EV: 26    Int: 18    God:    Vehumet [......]
Gold:   303        SH:  0    Dex: 10    Spells: 2/20 levels left

rFire    . . .     SeeInvis .   r - +0 war axe
rCold    . . .     Faith    .   (no shield)
rNeg     + . .     Spirit   .   a - +2 robe
rPois    ∞         Reflect  .   (no helmet)
rElec    +         Harm     .   j - +0 cloak
rCorr    .         Rampage  .   (no gloves)
Will     .....                  (no boots)
Stlth    ++........             g - amulet of the acrobat
HPRegen  0.18/turn              n - +6 ring of strength
MPRegen  0.16/turn              q - +4 ring of slaying

@: acrobatic, very slightly contaminated
A: sickness immunity, AC +6, negative energy resistance 1, electricity
resistance, torment resistance 1, petrification resistance
a: Renounce Religion


You were on level 8 of the Dungeon.
You worshipped Vehumet.
Vehumet was noncommittal.
You visited 2 branches of the dungeon, and saw 9 of its levels.

You collected 407 gold pieces.
You spent 104 gold pieces at shops.

Inventory:

Hand Weapons
 r - a +0 war axe (weapon)
 y - a +2 antimagic war axe
 I - a +0 battleaxe
Missiles
 u - a throwing net
Armour
 a - a +2 robe (worn)
 j - a +0 cloak (worn)
 C - a +0 helmet
Jewellery
 g - an amulet of the acrobat (around neck)
 l - an amulet of reflection
 n - a +6 ring of strength (left hand)
 q - a +4 ring of slaying (right hand)
 F - a +6 ring of strength
Wands
 b - a wand of flame (38)
 p - a wand of polymorph (12)
 v - a wand of mindburst (17)
 H - a wand of iceblast (10)
Scrolls
 c - a scroll of noise
 i - a scroll of amnesia {unknown}
 k - a scroll of silence {unknown}
 m - 3 scrolls of teleportation
 w - a scroll of brand weapon {unknown}
 A - a scroll of enchant weapon {unknown}
 D - a scroll of torment {unknown}
Potions
 d - 4 potions of lignification
 e - a potion of brilliance {unknown}
 f - 2 potions of attraction
 h - 2 potions of haste
 o - 2 potions of might
 s - 2 potions of flight
 t - 2 potions of curing
 z - 2 potions of magic {unknown}
 B - 2 potions of degeneration {unknown}
 E - a potion of mutation {unknown}
 G - a potion of berserk rage {unknown}


   Skills:
 * Level 6.6 Fighting
 + Level 3.4 Axes
 - Level 1.5 Dodging
 - Level 2.9 Stealth
 * Level 6.0 Spellcasting
 + Level 4.8 Conjurations
 + Level 3.7 Hexes
 + Level 3.7 Translocations
 + Level 5.3 Fire Magic


You had 2 spell levels left.
You knew the following spells:

 Your Spells              Type           Power      Damage    Failure   Level
a - Foxfire               Conj/Fire      92%        2x1d8     1%          1
b - Blink                 Tloc           N/A        N/A       3%          2
c - Conjure Flame         Conj/Fire      23%        6-21      4%          3
d - Inner Flame           Hex/Fire       21%        N/A       5%          3
e - Sticky Flame          Conj/Fire      23%        2d4       16%         4
f - Fireball              Conj/Fire      11%        3d7       38%         5

Your spell library contained the following spells:

 Spells                   Type           Power      Damage    Failure   Level
 Ensorcelled Hibernation  Hex/Ice        24%        N/A       9%          2
 Sandblast                Erth           10%        2d5       12%         1
 Passwall                 Tmut/Erth      4%         N/A       19%         2
 Call Canine Familiar     Summ           5%         N/A       34%         3
 Spider Form              Tmut/Pois      2%         N/A       34%         3
 Hailstorm                Conj/Ice       14%        3d5       41%         4
 Manifold Assault         Tloc           18%        N/A       56%         5
 Airstrike                Air            2%         N/A       75%         4
 Ice Form                 Ice/Tmut       5%         N/A       75%         4
 Summon Lightning Spire   Summ/Air       5%         N/A       75%         4
 Lightning Bolt           Conj/Air       7%         1d19      77%         5
 Lee's Rapid Deconstruct  Erth           2%         3d6*      97%         5
 Iron Shot                Conj/Erth      7%         9d2       100%        6
 Shadow Creatures         Summ           N/A        N/A       100%        6
 Simulacrum               Ice/Necr       2%         N/A       100%        6
 Storm Form               Tmut/Air       2%         N/A       100%        7


Dungeon Overview and Level Annotations

Branches:
Dungeon (8/15)             Temple (1/1) D:6            Lair (0/6) D:8

Altars:
Ashenzari
Cheibriados
Dithmenos
Fedhas
Gozag
Hepliaklqana
Kikubaaqudgha
Makhleb
Nemelex Xobeh
Okawaru
Qazlal
Ru
Trog
Uskayaw
Vehumet
Wu Jian
Xom
Yredelemnul
Zin
The Shining One

Shops:
D:5 *   D:6 *=[

Annotations:
D:6 shop ring - rCorr, Int+5, amulet MReg+, gloves slay+3, cloak, boots


Innate Abilities, Weirdness & Mutations

You are immune to sickness and miasma.
Your stone body is resilient. (AC +6)
You are immune to poison.
You resist negative energy. (rN+)
You are resistant to electric shocks. (rElec)
You are resistant to unholy torment.
You are immune to petrification.


Message History

Aim: a komodo dragon You miscast Fireball.
You are very lightly contaminated with residual magic.
There is a sudden and violent explosion of flames!
Casting: Fireball (quite dangerous; 38% risk of failure)
Confirm with . or Enter, or press ? or * to list all spells.
Okay, then.
Casting: Fireball (quite dangerous; 38% risk of failure)
Confirm with . or Enter, or press ? or * to list all spells.
The spell is quite dangerous to cast (38% risk of failure)!
Continue anyway?
Aiming: Fireball (quite dangerous; 38% risk of failure)
Press: ? - help, Shift-Dir - straight line, f/p - komodo dragon
Aim: a komodo dragon The fireball explodes!
The fireball engulfs the komodo dragon!
The komodo dragon is moderately wounded.
Casting: Fireball (quite dangerous; 38% risk of failure)
Confirm with . or Enter, or press ? or * to list all spells.
You don't have enough magic to cast this spell.
A komodo dragon is nearby!
You slash the komodo dragon!
The komodo dragon is heavily wounded.
The komodo dragon bites you!!
* * * LOW HITPOINT WARNING * * *
The komodo dragon closely misses you.
You feel much better. The komodo dragon barely misses you.
You barely miss the komodo dragon.
The komodo dragon is heavily wounded.
The komodo dragon bites you!
You hit the komodo dragon but do no damage.
The komodo dragon is heavily wounded.
The komodo dragon bites you!
* * * LOW HITPOINT WARNING * * *
Okay, then.
Casting: Fireball (quite dangerous; 38% risk of failure)
Confirm with . or Enter, or press ? or * to list all spells.
You blink.
A wyvern comes into view.
The wyvern moves out of view.
The wyvern completely misses you. The wyvern bites you!
You die...

#.#
....#####.######
#.# #............#
#)#
#..>..§........
#)#
#.......####.##
#)# #.####l.# #
#.###### # #.##
#......# #.#
######.# # #.#
###.# #.#
#.####@#...... #.#
#......l.....#
#.######.....#####
#................
########.(...#.##
##...##.# ##.....#
######


You could see a komodo dragon and a wyvern.

Vanquished Creatures
  A yak (D:8)
  2 ice beasts
  2 black bears
  3 orc warriors (D:8)
  2 ogres
  3 sky beasts
  3 phantoms
  Blork the orc (D:5)
  2 bullfrogs (D:8)
  4 scorpions
  A wyvern zombie (D:6)
  A water moccasin skeleton (D:4)
  A wight (D:8)
  An electric eel (D:6)
  2 bullfrog zombies
  A centaur zombie (D:6)
  A jelly (D:5)
  4 bullfrog skeletons
  A hound (D:5)
  4 orc priests
  2 iguanas
  5 orc wizards
  A statue (D:7)
  A hound skeleton (D:4)
  A howler monkey zombie (D:7)
  6 adders
  A howler monkey skeleton (D:7)
  A white imp (D:7)
  An adder skeleton (D:4)
  A worm (D:2)
  4 dart slugs
  29 orcs
  8 ball pythons
  7 bats
  12 endoplasms
  5 giant cockroaches
  4 hobgoblins
  3 jackals (D:3)
  9 kobolds
  6 quokkas
  6 frilled lizards
  3 goblins
  7 rats
163 creatures vanquished.

Vanquished Creatures (others)
  A hobgoblin (D:4)
  A quokka (D:8)
  486 foxfires
  6 fungi (D:8)
  17 plants (D:8)
511 creatures vanquished.

Grand Total: 674 creatures vanquished

Notes
Turn   | Place    | Note
-------+----------+-------------------------------------------
     0 | D:1      | CuBeRJAN3 the Gargoyle Fire Elementalist began the quest
                  | for the Orb.
     0 | D:1      | Reached XP level 1. HP: 10/10 MP: 3/3
   277 | D:1      | Reached XP level 2. HP: 16/16 MP: 1/5
   496 | D:1      | Reached skill level 1 in Fighting
   891 | D:1      | Reached XP level 3. HP: 20/20 MP: 3/6
   988 | D:1      | Learned a level 2 spell: Blink
  1956 | D:2      | Learned a level 3 spell: Conjure Flame
  1978 | D:2      | Reached XP level 4. HP: 26/26 MP: 3/7
  2238 | D:2      | Found a faded altar of an unknown god.
  2944 | D:3      | Reached XP level 5. HP: 25/30 MP: 9/9
  3105 | D:3      | Learned a level 3 spell: Inner Flame
  3300 | D:3      | Reached skill level 1 in Hexes
  3300 | D:3      | Reached skill level 1 in Translocations
  4000 | D:4      | Reached XP level 6. HP: 26/36 MP: 1/10
  4221 | D:4      | Reached skill level 1 in Axes
  4777 | D:4      | Found an ornate altar of the Wu Jian Council.
  5087 | D:4      | Reached XP level 7. HP: 41/41 MP: 10/12
  5129 | D:4      | Found a stormy altar of Qazlal.
  5353 | D:5      | Entered Level 5 of the Dungeon
  5385 | D:5      | Noticed Blork the orc
  5400 | D:5      | Killed Blork the orc
  6029 | D:5      | Learned a level 4 spell: Sticky Flame
  6224 | D:5      | Reached XP level 8. HP: 48/48 MP: 5/14
  6538 | D:5      | Found Xydaewn's Assorted Antiques.
  6546 | D:5      | Bought a scroll labelled JOICI PIRYMNE for 22 gold pieces
  6546 | D:5      | Bought a scroll labelled COREOW ENOPTA for 22 gold pieces
  7231 | D:6      | Found Oggaamav's Jewellery Boutique.
  7305 | D:6      | Reached skill level 5 in Fighting
  7305 | D:6      | Found Cownavuol's Antique Armour Emporium.
  7336 | D:6      | Found a staircase to the Ecumenical Temple.
  7427 | D:6      | Reached skill level 5 in Spellcasting
  7618 | Temple   | Entered the Ecumenical Temple
  7844 | D:6      | Found a broken altar of Ashenzari.
  7937 | D:6      | Reached XP level 9. HP: 54/54 MP: 1/16
  8095 | D:6      | Found Aheumoigg's General Store.
  8098 | D:6      | Bought a scroll of identify for 24 gold pieces
  8098 | D:6      | Bought a potion of curing for 36 gold pieces
  8106 | D:6      | Learned a level 5 spell: Fireball
  8399 | D:7      | Got the Handbook of the Supportive Rocks
  8925 | D:7      | Found a radiant altar of Vehumet.
  8940 | D:7      | Became a worshipper of Vehumet
  9190 | D:8      | Reached skill level 5 in Fire Magic
  9474 | D:8      | Found a staircase to the Lair.
  9882 | D:8      | Noticed a komodo dragon
  9923 | D:8      | Slain by a wyvern

Illustrated notes

Levels and vault maps discovered:
D:1:      mrwooster_arrival_statue_3, layout_rooms
D:2:      minmay_inner_zag, layout_basic, shapermc_ecumenical_altar_acropolis,
          minmay_misc_feat_iff, hex_medium, minmay_indecisive_spiral
D:3:      layout_loops_cross
D:4:      layout_loops_ring, grunt_qazlal_clouds, nicolae_wu_jian_glorious_leap
D:5:      layout_basic, serial_shops, shop, uniq_blork_the_orc
D:6:      layout_rooms, mainiacjoe_overflow_six_doors_small,
          minmay_temple_entry_trees, serial_shops, kennysheep_mini,
          nicolae_inconvenience_store, shop, chequers_serial_rivers_micro_b,
          chequers_serial_rivers_micro_a
D:7:      layout_loops_cross, vehumet_statue, lightli_orcish_oven
D:8:      layout_loops_ring, amcnicky_altar_gilded, elyvilon_altar_4,
          grunt_lair_entry_orc_guard_hut, kennysheep_crisscross
Temple:   nicolae_temple_elliptical

Skill      XL: |  1  2  3  4  5  6  7  8  9 |
---------------+----------------------------+-----
Fighting       | 1 2 3 4 5 6 |  6.6
Hexes          | 1 2 3 |  3.7
Translocations | 1 2 3 |  3.7
Conjurations   | 2 3 4 |  4.8
Spellcasting   | 3 4 5 6 |  6.0
Axes           | 1 2 3 |  3.4
Fire Magic     | 4 5 |  5.3
Dodging        | |  1.5
Stealth        | |  2.9

Action                   |  1- 3 |  4- 6 |  7- 9 || total
-------------------------+-------+-------+-------++-------
Melee: Unarmed           |     5 |       |       ||     5
       Dagger            |    36 |    19 |       ||    55
       Short sword       |       |    15 |       ||    15
       Hand axe          |       |    92 |     1 ||    93
       War axe           |       |       |   115 ||   115
 Cast: Foxfire           |    69 |    91 |   157 ||   317
       Inner Flame       |       |     1 |    13 ||    14
       Conjure Flame     |       |       |     3 ||     3
       Blink             |       |       |     2 ||     2
       Sticky Flame      |       |       |     6 ||     6
       Fireball          |       |       |     2 ||     2
  Use: Scroll            |       |     4 |     7 ||    11
       Potion            |       |     1 |     1 ||     2
 Stab: Sleeping          |     2 |     1 |       ||     3
Armor: Robe              |    20 |    61 |    55 ||   136
Dodge: Dodged            |    29 |    84 |    84 ||   197
Block: Other             |       |    29 |     5 ||    34
       Reflection        |       |       |     1 ||     1
